Map: Dasan Station LE

Players

Fropez - Winner!

  • Race: Protoss Protoss
  • League: Gold
  • Spawn Location: 6:00

Ekco

  • Race: Zerg Zerg
  • League: Silver
  • Spawn Location: 12:00

VOD

Have the link to the VOD?

Description

Time

  • Played on: Nov. 14, 2016, 5:07 p.m.
  • Length: 12:02
Show
View Real Time Build Order
Export as new Build Order

Fropez Protoss - Winner!

Build Orders:  

Get SALT Encoding   

  12  0:03  Probe (Chrono Boost)  
  13  0:13  Pylon  
  13  0:27  Probe (Chrono Boost)  
  14  0:36  Gateway  
  14  0:38  Assimilator  
  14  0:40  Probe (Chrono Boost)  
  15  0:48  Pylon  
  15  1:12  Gateway  
  15  1:23  Probe (Chrono Boost)  
  16  1:26  Cybernetics Core  
  16  1:32  Assimilator  
  16  1:33  Probe (Chrono Boost)  
  17  1:44  Pylon  
  17  1:45  Probe (Chrono Boost)  
  18  1:57  Probe (Chrono Boost)  
  19  2:03  Adept x2  
  19  2:04  Warp Gate (Chrono Boost)  
  23  2:09  Probe (Chrono Boost)  
  23  2:13  Assimilator  
  23  2:32  Mothership Core  
  23  2:34  Pylon  
  25  2:53  Probe  
  24  3:16  Stalker x2  
  26  3:25  Probe  
  26  3:26  Gateway  
  27  3:28  Pylon  
  27  3:48  Nexus  
  27  3:56  Probe  
  28  4:04  Adept  
  28  4:06  Adept  
  28  4:08  Probe  
  33  4:20  Probe  
  34  4:25  Pylon  
  34  4:32  Probe  
  33  5:11  Stalker x3  
  33  5:12  Probe  
  38  5:14  Probe  
  39  5:24  Probe  
  39  5:28  Assimilator  
  40  5:30  Pylon  
  40  5:38  Gateway  
  40  5:42  Pylon  
  40  5:46  Probe, Stalker x3  
  40  5:47  Probe  
  48  5:57  Probe  
  48  5:58  Twilight Council  
  49  6:09  Probe  
  49  6:10  Probe  
  51  6:22  Stalker x2  
  55  6:46  Adept x3  
  61  6:48  Resonating Glaives (Chrono Boost)  
  61  6:56  Probe  
  61  6:58  Probe  
  63  7:03  Assimilator  
  63  7:14  Probe  
  63  7:16  Probe  
  63  7:17  Templar Archives  
  63  7:19  Pylon  
  65  7:31  Adept x4  
  73  7:50  Probe, Forge  
  73  7:51  Probe  
  75  7:53  Pylon  
  75  7:55  Gateway  
  75  7:58  Forge  
  73  8:13  Adept  
  73  8:14  Adept x3  
  81  8:21  Blink (Chrono Boost)  
  81  8:30  Protoss Ground Weapons Level 1 (Chrono Boost)  
  75  8:34  Adept x2  
  75  8:35  Adept x2  
  77  8:43  Probe x2  
  77  8:45  Protoss Shields Level 1 (Chrono Boost)  
  79  8:52  Pylon  
  79  8:55  Probe  
  80  8:56  Probe  
  80  8:57  Pylon  
  81  9:12  High Templar  
  81  9:13  High Templar x4  
  91  9:17  Archon x2  
  91  9:30  Probe x2  
  93  9:42  Probe  
  94  9:47  High Templar x2  
  94  9:48  High Templar x2, Nexus  
  94  9:50  High Templar  
  94  9:52  Archon, Assimilator  
  100  9:55  Assimilator  
  100  9:58  Pylon  
  86  10:02  Pylon  
  80  10:14  Archon  
  80  10:15  Archon  
  80  10:21  Adept x4  
  84  10:22  Adept  
  84  10:24  Probe x2  
  92  10:43  Probe  
  92  10:44  Probe  
  94  10:57  Stalker  
  94  10:58  Stalker x3  
  94  10:59  Stalker  
  94  11:02  Probe  
  94  11:04  Probe x2  
  107  11:13  Probe  
  108  11:22  Nexus  
  108  11:26  Pylon  
Show
View Real Time Build Order
Export as new Build Order

Ekco Zerg 

Build Orders: Hatch First 

Get SALT Encoding   

  12  0:02  Drone  
  13  0:11  Drone  
  14  0:16  Overlord  
  14  0:44  Hatchery  
  14  0:48  Drone x2  
  16  1:06  Spawning Pool  
  15  1:23  Drone x2  
  15  1:24  Drone  
  18  1:26  Extractor  
  18  1:28  Hatchery  
  18  1:31  Extractor  
  15  1:35  Drone  
  16  1:53  Queen  
  18  1:56  Drone  
  19  2:17  Zergling x2  
  19  2:18  Zergling x4  
  22  2:33  Overlord  
  22  2:39  Queen  
  22  2:41  Drone  
  22  2:42  Queen  
  27  2:50  Drone  
  28  2:52  Drone  
  28  2:56  Drone  
  22  3:22  Drone  
  22  3:23  Drone  
  24  3:30  Drone  
  24  3:33  Drone  
  26  3:43  Drone  
  26  3:44  Drone  
  26  3:47  Drone  
  29  3:54  Drone  
  29  3:55  Drone  
  31  4:04  Overlord  
  30  4:18  Overlord x2  
  26  5:03  Zergling x10  
  26  5:04  Zergling x2  
  30  5:10  Drone x4  
  30  5:11  Drone x2  
  35  5:14  Roach Warren  
  34  5:33  Drone x2  
  36  5:37  Drone x3  
  36  5:40  Evolution Chamber  
  36  5:42  Drone x6  
  44  5:44  Extractor  
  44  5:45  Extractor  
  42  6:10  Roach x4  
  50  6:11  Overlord x2  
  50  6:21  Drone  
  50  6:23  Lair  
  50  6:25  Zerg Melee Weapons Level 1  
  51  6:30  Evolution Chamber  
  50  6:37  Drone  
  50  6:38  Drone x2  
  53  6:56  Ravager x4  
  57  7:03  Zergling x6  
  57  7:04  Zergling x4  
  62  7:11  Drone x3  
  62  7:12  Drone  
  62  7:14  Zerg Missile Weapons Level 1  
  66  7:34  Drone  
  66  7:35  Overlord x2  
  67  7:39  Overlord x2  
  67  7:47  Hydralisk Den  
  63  8:13  Zergling x12  
  63  8:14  Zergling x2  
  63  8:34  Hydralisk x5  
  63  8:35  Hydralisk  
  71  9:08  Hydralisk x4  
  71  9:09  Hydralisk  
  81  9:21  Hatchery  
  81  9:23  Metabolic Boost  
  80  9:38  Drone x2  
  80  9:39  Drone x4  
  80  9:42  Hydralisk, Overlord  
  80  9:43  Hydralisk, Overlord  
  75  10:09  Hydralisk  
  75  10:10  Hydralisk x6  
  75  10:13  Overlord  
  89  10:31  Drone x3  
  89  10:35  Pneumatized Carapace  
  92  10:40  Muscular Augments  
  92  10:55  Drone x3  
  95  10:59  Zergling x2  
  95  11:00  Zergling x8  
  100  11:12  Hydralisk x3  
  100  11:15  Zergling x4  
Tags
 
Matchup
PvZ
Replay Pack
All Mines
Spawn Locations
Cross Positions
Add a new tag
Caveats
  • Supply blocks, unpowered buildings, or Contaminate may cause inaccurate times.
  • Supply counts are checked every 10 seconds.